 Dungeon Crawl Stone Soup version 0.19.1-1-g22dce08 (webtiles) character file.

966 paradoxae the Vexing (level 7, 0/51 HPs)
             Began as a Vampire Enchanter on Jan 1, 2017.
             Was a Follower of Sif Muna.
             Killed from afar by an orc wizard (7 damage)
             ... with a magic dart
             ... on level 5 of the Dungeon.
             The game lasted 00:43:42 (6775 turns).

paradoxae the Vexing (Vampire Enchanter)            Turns: 6775, Time: 00:43:42

Health: 0/51       AC:  4    Str:  7    XL:     7   Next: 93%
Magic:  2/12       EV: 14    Int: 20    God:    Sif Muna [*.....]
Gold:   332        SH:  0    Dex: 14    Spells: 3 memorised, 5 levels left

rFire  . . .     SeeInvis +     a - +1 dagger
rCold  + + .     Gourm    .     b - +1 robe
rNeg   + + +     Faith    .     (no shield)
rPois  ∞         Spirit   .     (no helmet)
rElec  .         Reflect  .     z - +0 cloak
rCorr  .         Harm     .     (no gloves)
MR     .....                    (no boots)
Stlth  +++++.....               (no amulet)
                                (no ring)
                                (no ring)

@: very slightly contaminated, bloodless, non-regenerating
A: fangs 3, see invisible, unbreathing
a: Bat Form, Divine Energy, Renounce Religion


You were on level 5 of the Dungeon.
You worshipped Sif Muna.
Sif Muna was aware of your devotion.
You were bloodless.

You visited 2 branches of the dungeon, and saw 6 of its levels.

You collected 332 gold pieces.

Inventory:

Hand Weapons
 a - a +1 dagger (weapon)
Missiles
 e - 120 stones (quivered)
Armour
 b - a +1 robe (worn)
 u - a +0 leather armour
 y - a +1 ring mail
 z - a +0 cloak (worn)
Scrolls
 f - 2 scrolls of enchant armour
 g - a scroll of fog
 j - 4 scrolls of remove curse
 k - 2 scrolls of amnesia
 m - a scroll of fear
 o - a scroll of noise {unknown}
 p - a scroll of enchant weapon {unknown}
 t - 2 scrolls of magic mapping {unknown}
 v - 4 scrolls of identify {unknown}
 w - a scroll of teleportation {unknown}
 x - a scroll of recharging {unknown}
 B - a scroll of random uselessness {unknown}
Potions
 d - a potion of berserk rage {unknown}
 h - a potion of ambrosia {unknown}
 i - a potion of curing {unknown}
 l - a potion of lignification {unknown}
 n - 2 potions of haste {unknown}
 q - 26 potions of blood
 r - a potion of degeneration {unknown}
 s - 2 potions of magic {unknown}
 C - a potion of brilliance {unknown}
Books
 c - a book of Maledictions

   Spells                             Type                      Level
   a - Corona                         Hexes                        1
   b - Ensorcelled Hibernation        Hexes/Ice                    2
   c - Confuse                        Hexes                        3
   d - Tukima's Dance                 Hexes                        3
   e - Dazzling Spray                 Conjuration/Hexes            3
 A - a book of Cantrips

   Spells                             Type                      Level
   a - Confusing Touch                Hexes                        1
   b - Animate Skeleton               Necromancy                   1
   c - Summon Small Mammal            Summoning                    1
   d - Apportation                    Translocation                1


   Skills:
 + Level 2.5 Fighting
 + Level 3.1 Short Blades
 + Level 2.1 Armour
 + Level 3.7 Dodging
 + Level 6.4 Stealth
 + Level 3.6 Spellcasting
 * Level 1.4 Conjurations
 + Level 6.4 Hexes
 + Level 2.4 Ice Magic
 + Level 1.0 Invocations


You had 5 spell levels left.
You knew the following spells:

 Your Spells              Type           Power        Failure   Level  Hunger
c - Confuse               Hex            ####....     3%          3    ###....
d - Dazzling Spray        Conj/Hex       ###...       10%         3    ###....
z - Ensorcelled Hibernat  Hex/Ice        ###...       3%          2    ##.....


Dungeon Overview and Level Annotations

Branches:
Dungeon (5/15)             Temple (1/1) D:4

Altars:
Ashenzari
Cheibriados
Dithmenos
Elyvilon
Fedhas
Gozag
Hepliaklqana
Kikubaaqudgha
Makhleb
Nemelex Xobeh
Okawaru
Qazlal
Ru
Sif Muna
Trog
Uskayaw
Vehumet
Xom
Yredelemnul
Zin
The Shining One

Shops:
D:4 (:?


Innate Abilities, Weirdness & Mutations

You do not heal naturally.
You are immune to poison.
You have razor-sharp teeth.
You have supernaturally acute eyesight. (SInv)
You can survive without breathing.


Message History

The orc wizard flickers and vanishes for a moment.
Casting: Ensorcelled Hibernation
Confirm with . or Enter, or press ? or * to list all spells.
Aiming: Ensorcelled Hibernation
Press: ? - help, Shift-Dir - straight line, f/p - orc priest
Aim: an orc priest, wearing a leather armour (chance to defeat MR: 50%)
The orc priest resists with some effort.
The orc priest closely misses you.
The orc priest invokes the aid of Beogh against you.
Beogh smites you!
You see here a trident.
The orc priest calls down the wrath of Beogh upon you.
The orc wizard struggles to resist.
The orc wizard gestures at you while chanting.
The puff of flame hits you!
* * * LOW HITPOINT WARNING * * *
The orc priest looks satisfied for a moment.
The orc wizard casts a spell at you. The magic dart hits you!
You die...

.. #....# #####.### #....###
........# #.####.# ........#
#......# ........# #..#####
........#########..#######
#.#..............<.......#
#..<........%............#
#.#.............@........#
..#......................#
....#.###....#...........#
......# #....#...........#.......
......# #..%.#...........#.o.....
......###....#..o........#oo.....
.............#...........#.5o....
.......##....#o..........#.......
######.##....##.######...#.l.....


You could see an orc priest and an orc wizard (invisible).

Vanquished Creatures
  Menkaure (D:4)
  An ogre (D:4)
  2 big kobolds (D:4)
  An orc priest (D:5)
  A gnoll shaman (D:3)
  A hound (D:4)
  2 iguanas
  Ijyb (D:3)
  3 orc wizards
  Natasha (D:1)
  3 worker ants (D:4)
  5 adders
  8 gnolls
  3 oozes
  2 adder skeletons (D:4)
  A worm (D:4)
  3 dart slugs
  5 leopard geckos
  13 orcs
  A ball python (D:2)
  9 bats
  A giant cockroach (D:1)
  7 goblins
  7 hobgoblins
  2 jackals (D:1)
  53 kobolds
  3 frilled lizards
  6 rats
146 creatures vanquished.

Notes
Turn   | Place    | Note
-------+----------+-------------------------------------------
     0 | D:1      | paradoxae the Vampire Enchanter began the quest for the Orb.
     0 | D:1      | Reached XP level 1. HP: 13/13 MP: 3/3
   352 | D:1      | Reached XP level 2. HP: 20/20 MP: 5/5
   370 | D:1      | Learned a level 2 spell: Ensorcelled Hibernation
   808 | D:1      | Reached XP level 3. HP: 20/25 MP: 6/6
  1014 | D:1      | Reached skill level 1 in Fighting
  1118 | D:1      | Learned a level 3 spell: Confuse
  1140 | D:2      | Noticed Natasha
  1166 | D:1      | Killed Natasha
  1166 | D:1      | Reached skill level 5 in Hexes
  1331 | D:2      | Reached XP level 4. HP: 32/32 MP: 4/7
  1362 | D:2      | Found a sparkling altar of Nemelex Xobeh.
  1399 | D:2      | Reached skill level 5 in Stealth
  1628 | D:2      | Reached skill level 1 in Armour
  1722 | D:2      | Found a faded altar of an unknown god.
  2224 | D:3      | Noticed Ijyb
  2282 | D:3      | Killed Ijyb
  2282 | D:3      | Reached skill level 1 in Ice Magic
  2398 | D:3      | Reached XP level 5. HP: 37/37 MP: 8/8
  3068 | D:4      | Noticed Menkaure
  3456 | D:3      | Reached XP level 6. HP: 44/44 MP: 1/10
  3897 | D:4      | Learned a level 3 spell: Dazzling Spray
  3916 | D:4      | Found a staircase to the Ecumenical Temple.
  3923 | Temple   | Entered the Ecumenical Temple
  4030 | Temple   | Became a worshipper of Sif Muna the Loreminder
  4560 | D:4      | Found Usuvirug's Book Shoppe.
  4732 | D:4      | Found Utennoaps's Weapon Emporium.
  4853 | D:4      | Killed Menkaure
  4853 | D:4      | Reached XP level 7. HP: 50/50 MP: 6/11
  5324 | D:4      | Reached skill level 1 in Conjurations
  5843 | D:4      | Reached * piety under Sif Muna
  6354 | D:4      | Found Goner's Magic Scroll Emporium.
  6549 | D:5      | Entered Level 5 of the Dungeon
  6558 | D:5      | Reached skill level 1 in Invocations
  6775 | D:5      | Killed from afar by an orc wizard

Skill      XL: |  1  2  3  4  5  6  7 |
---------------+----------------------+-----
Fighting       | 1 2 |  2.5
Hexes          | 5 6 |  6.4
Stealth        | 5 6 |  6.4
Armour         | 1 2 |  2.1
Short Blades   | 2 3 |  3.1
Ice Magic      | 1 2 |  2.4
Spellcasting   | 3 |  3.6
Dodging        | 3 |  3.7
Conjurations   | 1 |  1.4
Invocations    | 1 |  1.0

Action                   |  1- 3 |  4- 6 |  7- 9 || total
-------------------------+-------+-------+-------++-------
Melee: Dagger            |    97 |    92 |   158 ||   347
       Bite              |     3 |     7 |    10 ||    20
Throw: Stone             |     1 |       |     1 ||     2
 Cast: Corona            |     2 |       |       ||     2
       Ensorcelled Hiber |    15 |    45 |    51 ||   111
       Confuse           |       |     2 |     1 ||     3
 Abil: End Transformatio |       |     1 |     1 ||     2
       Bat Form          |       |     1 |     1 ||     2
  Use: Potion            |     1 |     4 |     2 ||     7
       Scroll            |       |     5 |       ||     5
 Stab: Sleeping          |    16 |    42 |    34 ||    92
       Confused          |       |     2 |       ||     2
Armor: Robe              |    27 |    21 |    36 ||    84
Dodge: Dodged            |    62 |    93 |   120 ||   275
